 Dungeon Crawl Stone Soup version 0.29.1 (webtiles) character file.

Game seed: 7394559546935219467

13 Marcotte the Conjurer (level 2, -4/20 HPs)
             Began as a Demigod Conjurer on Sept 14, 2022.
             Slain by a worm (10 damage)
             ... on level 2 of the Dungeon.
             The game lasted 00:02:47 (1073 turns).

Marcotte the Conjurer (Demigod Conjurer)            Turns: 1073, Time: 00:02:47

Health: -4/20      AC:  2    Str:  8    XL:     2   Next: 12%
Magic:  1/7        EV: 12    Int: 20    God:
Gold:   55         SH:  0    Dex: 12    Spells: 3/4 levels left

rFire   . . .      SeeInvis .   (no weapon)
rCold   . . .      Faith    .   (no shield)
rNeg    . . .      Spirit   .   a - +0 robe
rPois   .          Reflect  .   (no helmet)
rElec   .          Harm     .   (no cloak)
rCorr   .          Rampage  .   (no gloves)
Will    .....                   (no boots)
Stlth   ++........              (no amulet)
HPRegen 0.06/turn               (no ring)
MPRegen 0.10/turn               (no ring)

@: no status effects
A: high MP 1, forlorn, divine attributes
a: no special abilities


You were on level 2 of the Dungeon.
You visited 1 branch of the dungeon, and saw 2 of its levels.

You collected 55 gold pieces.

Inventory:

Armour
 a - a +0 robe (worn)
Scrolls
 c - a scroll of enchant armour {unknown}
 d - a scroll of identify {unknown}
Potions
 b - a potion of magic
 e - a potion of resistance {unknown}


   Skills:
 + Level 1.7 Dodging
 + Level 1.8 Stealth
 + Level 1.8 Spellcasting
 + Level 4.1 Conjurations


You had 3 spell levels left.
You knew the following spells:

 Your Spells              Type           Power      Damage    Failure   Level
a - Magic Dart            Conj           72%        1d6       3%          1

Your spell library contained the following spells:

 Spells                   Type           Power      Damage    Failure   Level
 Searing Ray              Conj           36%        2d5       4%          2
 Sandblast                Erth           2%         2d4       16%         1
 Dazzling Flash           Conj/Hex       20%        N/A       21%         3
 Stone Arrow              Conj/Erth      20%        3d8       21%         3
 Passwall                 Tmut/Erth      0%         N/A       24%         2
 Fulminant Prism          Conj/Hex       5%         3d7       56%         4
 Iskenderun's Mystic Bla  Conj/Tloc      10%        2d4       56%         4


Dungeon Overview and Level Annotations

Branches:
Dungeon (2/15)


Innate Abilities, Weirdness & Mutations

You have an increased reservoir of magic. (+10% MP)
You shall have no god before yourself.
Your divine heritage dramatically boosts your attributes as you level up.


Message History

Casting: Magic Dart (safe; 3% risk of failure)
Confirm with . or Enter, or press ? or * to list all spells.
Aiming: Magic Dart (safe; 3% risk of failure)
Press: ? - help, Shift-Dir - straight line, f/p - worm
Aim: a worm (moderately wounded, 100% to hit)
The magic dart hits the worm.
The worm is moderately wounded.
Casting: Magic Dart (safe; 3% risk of failure)
Confirm with . or Enter, or press ? or * to list all spells.
Aiming: Magic Dart (safe; 3% risk of failure)
Press: ? - help, Shift-Dir - straight line, f/p - worm
Aim: a worm (moderately wounded, 100% to hit)
The magic dart hits the worm.
The worm is heavily wounded.
Casting: Magic Dart (safe; 3% risk of failure)
Confirm with . or Enter, or press ? or * to list all spells.
You don't have enough magic to cast this spell.
Unknown command.
The worm bites you!
Ouch! That really hurt!
You hit the worm but do no damage.
The worm is moderately wounded.
The worm bites you but does no damage.
You hit the worm but do no damage.
The worm is moderately wounded.
You hit the worm but do no damage.
The worm is moderately wounded.
The worm bites you.
* * * LOW HITPOINT WARNING * * *
Your magical contamination has completely faded away.
You hit the worm.
The worm is moderately wounded.
You hit the worm but do no damage.
The worm is moderately wounded.
The worm closely misses you.
You hit the worm.
The worm is heavily wounded.
The worm bites you!
Ouch! That really hurt!
You die...

.......###..##.###
.##.#.^...........
....##.........###
.........#.#####..
....##.#...# #.#
.......#.### #.#
##.#####.# #.# #.#
#.# #w# #.# ...
#@# #)# #.### ##.#
#...# ...# ###.#
.### ### #.# .#
##.## #.# .#
##.#.## #.# .#
##.###.###.# .#
##.## ##.##.#


You could see a worm.

Vanquished Creatures
  A giant cockroach (D:2)
  A goblin (D:1)
  4 hobgoblins (D:1)
  A ball python (D:2)
  A bat (D:1)
  2 kobolds
  3 rats (D:1)
13 creatures vanquished.

Notes
Turn   | Place    | Note
-------+----------+-------------------------------------------
     0 | D:1      | Marcotte the Demigod Conjurer began the quest for the Orb.
     0 | D:1      | Reached XP level 1. HP: 14/14 MP: 5/5
   456 | D:1      | Reached skill level 4 in Conjurations
   784 | D:1      | Reached XP level 2. HP: 20/20 MP: 2/7
  1073 | D:2      | Slain by a worm

Illustrated notes

Levels and vault maps discovered:
D:1:      mainiacjoe_arrival_reflecting_pool, layout_basic,
          shapermc_ecumenical_altar_mp_ritualfount
D:2:      layout_loops_cross, hangedman_decor_points, uniq_sigmund

Skill      XL: |  1 |
---------------+----+-----
Conjurations   | 4 |  4.1
Dodging        | |  1.7
Stealth        | |  1.8
Spellcasting   | |  1.8

Action                   || total
-------------------------++-------
Melee: Unarmed           ||     6
 Cast: Magic Dart        ||    33
Armor: Robe              ||     1
Dodge: Dodged            ||     3
